 Dungeon Crawl Stone Soup version 0.31-a0-229-g1fc7ce93e2 (webtiles) character file.

Game seed: 10231619052272440988

49 qw the Shooter (level 3, -7/29 HPs)
             Began as a Minotaur Hexslinger on July 6, 2023.
             Mangled by Ijyb
             ... wielding a +8 club
              (11 damage)
             ... on level 2 of the Dungeon.
             The game lasted 00:00:25 (1285 turns).

qw the Shooter (Minotaur Hexslinger)                Turns: 1285, Time: 00:00:25

Health: -7/29      AC:  2    Str: 12    XL:     3   Next: 53%
Magic:  3/3        EV: 12    Int: 10    God:
Gold:   64         SH:  0    Dex: 14    Spells: 3/4 levels left

rFire   . . .        Y - +1 sling
rCold   . . .        (no shield)
rNeg    . . .        c - +0 robe
rPois   .            (helmet restricted)
rElec   .            (no cloak)
rCorr   .            (no gloves)
SInv    .            (no boots)
Will    .....        (no amulet)
Stlth   +            (no ring)
HPRegen 0.24/turn    (no ring)
MPRegen 0.08/turn

%: no passive effects
@: no status effects
A: horns 2, retaliatory headbutt
a: no special abilities


You were on level 2 of the Dungeon.
You visited 1 branch of the dungeon, and saw 2 of its levels.

You collected 64 gold pieces.


Innate Abilities, Weirdness & Mutations

You have a pair of horns on your head.
You reflexively headbutt those who attack you in melee.


   Skills:
 - Level 2.0 Fighting
 + Level 4.1 Ranged Weapons
 - Level 2.1 Dodging
 - Level 1.0 Spellcasting
 - Level 2.0 Hexes


You had 3 spell levels left.
You knew the following spells:

 Your Spells              Type           Power      Damage    Failure   Level
a - Slow                  Hex            16%        N/A       16%         1

Your spell library contained the following spells:

 Spells                   Type           Power      Damage    Failure   Level
 Inner Flame              Hex/Fire       2%         N/A       56%         3
 Portal Projectile        Hex/Tloc       4%         N/A       56%         3
 Cause Fear               Hex            2%         N/A       83%         4

Inventory:

Hand Weapons
 Y - a +1 sling (weapon)
Armour
 c - a +0 robe (worn)
Scrolls
 b - a scroll of blinking {unknown}
Potions
 a - 2 potions of attraction {unknown}
 d - a potion of haste
 g - a potion of curing {unknown}

Dungeon Overview and Level Annotations

Branches:
Dungeon (2/15)

Altars:

Annotations:
D:2 Ijyb


Message History

You kill the goblin!
The goblin hits you but does no damage.
You shoot a sling bullet. The sling bullet misses the goblin.
The sling bullet barely misses the goblin.
The goblin hits you with a +0 dagger.
1274 ||| Stepping ~*~*~tactically~*~*~ (outnumbered).
You shoot a sling bullet.
The sling bullet closely misses the goblin.
The goblin hits you with a +0 dagger.
You shoot a sling bullet. The sling bullet hits the goblin!
You kill the goblin!
1277 ||| Stepping ~*~*~tactically~*~*~ (outnumbered).
You shoot a sling bullet. The sling bullet misses the goblin.
The sling bullet barely misses Ijyb.
You shoot a sling bullet.
The sling bullet barely misses the goblin.
The sling bullet closely misses Ijyb.
The goblin hits you with a +0 club.
You shoot a sling bullet. The sling bullet closely misses Ijyb.
The sling bullet hits the goblin.
The goblin is heavily wounded.
Ijyb hits you with a +8 club.
You shoot a sling bullet.
The sling bullet hits Ijyb but does no damage.
Ijyb barely misses you.
You shoot a sling bullet. The sling bullet closely misses Ijyb.
The sling bullet barely misses the goblin.
The sling bullet closely misses the goblin.
Ijyb hits you with a +8 club.
You shoot a sling bullet. The sling bullet hits Ijyb.
Ijyb is lightly wounded.
Ijyb hits you with a +8 club!
You shoot a sling bullet. The sling bullet closely misses Ijyb.
The sling bullet hits the goblin!
You kill the goblin!
Ijyb hits you with a +8 club. x2
You shoot a sling bullet. The sling bullet hits Ijyb.
Ijyb is lightly wounded.
Ijyb hits you with a +8 club!
You die...

..######.....######
####.##.........#
..#.##.........#
##.#.##.........#
.#.#....##......####
..>.............##
....g.)gg#......8########
8.....8#g###%##...##.^.#.
....gg.#@# #...#8..#^...8
8.?...8#.#####.###...##._
.!.....#...###.####.##.8#
8.....8###.......########
....... ####.#..# 8.....8
#.#### #...## ###..# ##.#


You could see Ijyb and 2 goblins.

Vanquished Creatures
  A gnoll (D:1)
  A dart slug (D:2)
  2 bats
  3 endoplasms
  2 giant cockroaches
  6 goblins
  2 hobgoblins (D:1)
  2 jackals (D:1)
  A quokka (D:1)
  7 ball pythons
  2 frilled lizards (D:1)
  3 kobolds
  3 rats (D:1)
35 creatures vanquished.

Notes
Turn   | Place    | Note
-------+----------+-------------------------------------------
     0 | D:1      | qw the Minotaur Hexslinger began the quest for the Orb.
     0 | D:1      | Reached XP level 1. HP: 16/16 MP: 1/1
     0 | D:1      | 0 ||| qw: Version: 0.3-a-46-gb1f654a
     0 | D:1      | 0 ||| qw: Game counter: 1653
     0 | D:1      | 0 ||| qw: Melee chars always use a shield: true
     0 | D:1      | 0 ||| qw: God list: Okawaru
     0 | D:1      | 0 ||| qw: Allow faded altars: false
     0 | D:1      | 0 ||| qw: Do Orc after clearing Dungeon:15 true
     0 | D:1      | 0 ||| qw: Do second Lair branch before Depths: true
     0 | D:1      | 0 ||| qw: Lair rune preference: random
     0 | D:1      | 0 ||| qw: Goals: Normal
     0 | D:1      | 0 ||| PLANNING D:1-11
    99 | D:1      | Reached skill level 3 in Ranged Weapons
    99 | D:1      | Reached XP level 2. HP: 16/23 MP: 2/2
   444 | D:1      | HP: 5/24 [gnoll/+0 whip (3)]
   449 | D:1      | Reached XP level 3. HP: 4/29 MP: 3/3
  1054 | D:1      | 1054 ||| READING scroll labelled WASOACITUONG.
  1055 | D:1      | 1055 ||| DRINKING 2 sapphire potions.
  1056 | D:1      | 1056 ||| DRINKING 2 fuming inky potions.
  1057 | D:1      | 1057 ||| DROPPING scroll of poison.
  1058 | D:1      | 1058 ||| DROPPING potion of brilliance.
  1219 | D:2      | Reached skill level 4 in Ranged Weapons
  1242 | D:2      | Found a faded altar of an unknown god.
  1266 | D:2      | Noticed Ijyb
  1267 | D:2      | 1267 ||| Stepping ~*~*~tactically~*~*~ (outnumbered).
  1269 | D:2      | 1269 ||| Stepping ~*~*~tactically~*~*~ (outnumbered).
  1274 | D:2      | 1274 ||| Stepping ~*~*~tactically~*~*~ (outnumbered).
  1277 | D:2      | 1277 ||| Stepping ~*~*~tactically~*~*~ (outnumbered).
  1284 | D:2      | HP: 5/29 [Ijyb/+8 club (6)]
  1285 | D:2      | Mangled by Ijyb

Levels and vault maps discovered:
D:1:      co_arrival_square_in_a_square_in_a_square, layout_basic, minivault_4,
          minmay_shallow_snake_nest
D:2:      kennysheep_the_goblin_king, layout_basic,
          shapermc_ecumenical_altar_petra

Skill      XL: |  1  2  3 |
---------------+----------+-----
Ranged Weapons | 3 4 |  4.1
Fighting       | 2 |  2.0
Dodging        | |  2.1
Spellcasting   | |  1.0
Hexes          | |  2.0

Action                     || total
---------------------------++-------
   Fire: Sling             ||   105
    Use: Potion            ||     2
         Scroll            ||     1
 Armour: Robe              ||     6
  Dodge: Dodged            ||    38

Table legend:
 A = Non-vault XP
 B = Vault XP
 C = Vault XP percentage of total XP
 D = Non-vault monster count
 E = Vault monster count
 F = Vault count percentage of total count
                 A         B        C        D         E       F
            +---------+---------+-------+---------+---------+-------
      Total |      59 |      12 |  16.9 |      28 |       7 |  20.0
            +---------+---------+-------+---------+---------+-------
        D:1 |      45 |       6 |  11.8 |      21 |       4 |  16.0
        D:2 |      14 |       6 |  30.0 |       7 |       3 |  30.0
            +---------+---------+-------+---------+---------+-------
